 Dungeon Crawl Stone Soup version bcrawl-1.41.1 (webtiles) character file.

Game seed: 17361195472520974797

167406 Yshiel the Chiller (level 4, 0/32 HPs)
             Began as a Gnoll Ice Elementalist on Apr 25, 2024.
             Succumbed to an orc's poison
             ... on level 3 of the Dungeon.
             The game lasted 00:17:47 (1559 turns).

Yshiel the Chiller (Gnoll Ice Elementalist)         Turns: 1559, Time: 00:17:48

Health: 0/32       AC:  2    Str: 14    XL:     4   Next: 97%
Magic:  7/11       EV: 14    Int: 17    God:
Gold:   149        SH:  0    Dex: 15    Spells: 12/13 levels left

rFire    . . .     GDR:     28% q - +0 dagger
rCold    . . .     SeeInvis .   (no shield)
rNeg     . . .     Gourm    .   a - +0 robe
rPois    .         Faith    .   (no helmet)
rElec    .         Spirit   .   (no cloak)
rCorr    .         Reflect  .   (no gloves)
MR       .....                  (no boots)
Stlth    +++.......             (no amulet)
HPRegen  0.15/turn              (no ring)
MPRegen  0.12/turn              p - ring "Uhasamm" {+Fly Str+4 Int-2}

@: lethally poisoned (0 -> -7)
A: distributed training, fangs 1, strong nose
a: Evoke Flight


You were on level 3 of the Dungeon.
You were not hungry.

You visited 1 branch of the dungeon, and saw 3 of its levels.

You collected 149 gold pieces.

Inventory:

Hand Weapons
 b - a +0 hunting sling
 g - a +0 club
 j - a -1 hunting sling
 q - a +0 dagger (weapon)
Missiles
 d - 84 bolts
 h - 444 arrows
 l - 434 stones (quivered)
Armour
 a - a +0 robe (worn)
Jewellery
 m - an uncursed ring of teleportation
 p - the ring "Uhasamm" (right hand) {+Fly Str+4 Int-2}
   (You found it on level 1 of the Dungeon)

   [ring of flight]

   It affects your strength (+4).
   It affects your intelligence (-2).
   It lets you fly.
 v - a cursed ring of attention {unknown}
Wands
 c - a wand of iceblast (1)
Scrolls
 o - a scroll of blinking
 t - a scroll of revelation {unknown}
Potions
 f - a potion of resistance
 k - 2 potions of mutation
 n - a potion of flight
 s - a potion of lignification {unknown}
Comestibles
 e - 4 rations {!d}


   Skills:
 + Level 1.2 Fighting
 + Level 1.2 Short Blades
 + Level 1.2 Long Blades
 + Level 1.2 Axes
 + Level 1.2 Maces & Flails
 + Level 1.2 Polearms
 + Level 1.2 Staves
 + Level 1.2 Slings
 + Level 1.2 Bows
 + Level 1.2 Crossbows
 + Level 1.2 Throwing
 + Level 1.2 Armour
 + Level 4.7 Dodging
 + Level 4.7 Stealth
 + Level 1.2 Shields
 + Level 1.2 Unarmed Combat
 + Level 5.1 Spellcasting
 + Level 2.3 Conjurations
 + Level 1.0 Hexes
 + Level 1.0 Charms
 + Level 1.0 Summonings
 + Level 1.0 Necromancy
 + Level 1.0 Translocations
 + Level 1.0 Transmutations
 + Level 1.0 Fire Magic
 + Level 5.5 Ice Magic
 + Level 1.0 Air Magic
 + Level 1.0 Earth Magic
 + Level 1.0 Poison Magic
 + Level 1.4 Invocations
 + Level 1.2 Evocations


You had 12 spell levels left.
You knew the following spells:

 Your Spells              Type           Power        Failure   Level  Hunger
a - Freeze                Ice            ###...       1%          1    None

Your spell library contained the following spells:

 Spells                   Type           Power        Failure   Level  Hunger
 Throw Frost              Conj/Ice       ###...       1%          2    None
 Ozocubu's Armour         Chrm/Ice       ###.....     11%         3    ###....
 Throw Icicle             Conj/Ice       ###.....     28%         4    ####...
 Ice Form                 Ice/Tmut       ###.....     36%         4    ####...
 Summon Ice Beast         Ice/Summ       ###.....     36%         4    ####...


Dungeon Overview and Level Annotations

Branches:
Dungeon (3/12)

Altars:
Sif Muna
Zin


Innate Abilities, Weirdness & Mutations

Your experience applies equally to all skills.
You have very sharp teeth.
Your uncanny sense of smell can sniff out nearby items.


Message History

n - a potion of flight
* * * LOW HITPOINT WARNING * * *
You feel sick.
Casting: Freeze (safe; 1% risk of failure)
Confirm with . or Enter, or press ? or * to list all spells.
Aiming: Freeze (safe; 1% risk of failure)
Press: ? - help, Shift-Dir - straight line, f - goblin
Aim: a goblin You freeze the goblin.
The goblin is moderately wounded.
* * * LOW HITPOINT WARNING * * *
You feel sick. The goblin barely misses you.
Casting: Freeze (safe; 1% risk of failure)
Confirm with . or Enter, or press ? or * to list all spells.
Aiming: Freeze (safe; 1% risk of failure)
Press: ? - help, Shift-Dir - straight line, f/p - goblin
Aim: a goblin (moderately wounded)
You freeze the goblin.
You kill the goblin!
You die...

## #####... #### ##.
......# #####>... ..##
#....# ## ........#
###.####)...##...
....#.#.###!..$..).........
....#.#..........#.......#
...[.....?.......o.....#.#
....##..####....†#.....#
....###..###....@#.).....#
.......#.........#.........
....##)..........#.og....##
....#..............?..o#.#
.....$#...........###..#.#
.....###.........## o.# #
###.###...#...#...< ...
..............#....
.................##


You could see an orc.

Vanquished Creatures
  A worker ant zombie (D:3)
  2 adders
  An ooze (D:3)
  A worm (D:2)
  3 dart slugs (D:1)
  3 leopard geckos
  5 orcs
  3 giant cockroaches
  10 goblins
  6 hobgoblins
  2 quokkas
  A ball python (D:3)
  11 bats
  2 frilled lizards (D:1)
  7 kobolds
  3 rats
61 creatures vanquished.

Notes
Turn   | Place    | Note
-------+----------+-------------------------------------------
     0 | D:1      | Yshiel the Gnoll Ice Elementalist began the quest for the
                  | Orb.
     0 | D:1      | Reached XP level 1. HP: 13/13 MP: 6/6
     3 | D:1      | Noticed an electric eel
   265 | D:1      | Reached XP level 2. HP: 19/19 MP: 3/7
   591 | D:1      | Got a shimmering bronze ring
   592 | D:1      | Identified the ring "Uhasamm" {+Fly Str+4 Int-2} (You found
                  | it on level 1 of the Dungeon)
   648 | D:1      | Reached XP level 3. HP: 25/25 MP: 9/9
   653 | D:1      | Reached skill level 5 in Spellcasting
   902 | D:2      | Reached skill level 1 in Invocations
  1174 | D:2      | Reached skill level 1 in Fighting
  1174 | D:2      | Reached skill level 1 in Short Blades
  1174 | D:2      | Reached skill level 1 in Long Blades
  1174 | D:2      | Reached skill level 1 in Axes
  1174 | D:2      | Reached skill level 1 in Maces & Flails
  1174 | D:2      | Reached skill level 1 in Polearms
  1174 | D:2      | Reached skill level 1 in Staves
  1174 | D:2      | Reached skill level 1 in Slings
  1174 | D:2      | Reached skill level 1 in Bows
  1174 | D:2      | Reached skill level 1 in Crossbows
  1174 | D:2      | Reached skill level 1 in Throwing
  1174 | D:2      | Reached skill level 1 in Armour
  1174 | D:2      | Reached skill level 1 in Shields
  1174 | D:2      | Reached skill level 1 in Unarmed Combat
  1174 | D:2      | Reached skill level 1 in Evocations
  1223 | D:2      | Reached XP level 4. HP: 32/32 MP: 9/11
  1353 | D:3      | Found a shimmering blue altar of Sif Muna.
  1362 | D:3      | Found a glowing silver altar of Zin.
  1380 | D:3      | Reached skill level 1 in Hexes
  1380 | D:3      | Reached skill level 1 in Charms
  1380 | D:3      | Reached skill level 1 in Summonings
  1380 | D:3      | Reached skill level 1 in Necromancy
  1380 | D:3      | Reached skill level 1 in Translocations
  1380 | D:3      | Reached skill level 1 in Transmutations
  1380 | D:3      | Reached skill level 1 in Fire Magic
  1380 | D:3      | Reached skill level 1 in Air Magic
  1380 | D:3      | Reached skill level 1 in Earth Magic
  1380 | D:3      | Reached skill level 1 in Poison Magic
  1558 | D:3      | HP: 1/32 [poisoned by an orc]
  1559 | D:3      | Succumbed to an orc's poison

Skill      XL: |  1  2  3  4 |
---------------+-------------+-----
Conjurations   | 2 |  2.3
Spellcasting   | 5 |  5.1
Invocations    | 1 |  1.4
Fighting       | 1 |  1.2
Short Blades   | 1 |  1.2
Long Blades    | 1 |  1.2
Axes           | 1 |  1.2
Maces & Flails | 1 |  1.2
Polearms       | 1 |  1.2
Staves         | 1 |  1.2
Slings         | 1 |  1.2
Bows           | 1 |  1.2
Crossbows      | 1 |  1.2
Throwing       | 1 |  1.2
Armour         | 1 |  1.2
Shields        | 1 |  1.2
Unarmed Combat | 1 |  1.2
Evocations     | 1 |  1.2
Hexes          | 1 |  1.0
Charms         | 1 |  1.0
Summonings     | 1 |  1.0
Necromancy     | 1 |  1.0
Translocations | 1 |  1.0
Transmutations | 1 |  1.0
Fire Magic     | 1 |  1.0
Air Magic      | 1 |  1.0
Earth Magic    | 1 |  1.0
Poison Magic   | 1 |  1.0
Dodging        | |  4.7
Stealth        | |  4.7
Ice Magic      | |  5.5

Action                   |  1- 3 |  4- 6 || total
-------------------------+-------+-------++-------
Melee: Club              |     2 |       ||     2
       Dagger            |     3 |    26 ||    29
       Bite              |       |     7 ||     7
       Punch             |       |     2 ||     2
 Fire: Hunting sling     |    62 |     1 ||    63
 Cast: Freeze            |    30 |    22 ||    52
  Use: Scroll            |     3 |     5 ||     8
 Stab: Sleeping          |     5 |     4 ||     9
  Eat: Chunk             |     4 |     2 ||     6
Armor: Robe              |     5 |     4 ||     9
Dodge: Dodged            |    27 |    21 ||    48
